 Dungeon Crawl Stone Soup version 0.21-a0-507-ga8f6b7a (webtiles) character file.

16 slep the Poker (level 2, 0/22 HPs)
             Began as a Demonspawn Gladiator on Nov 28, 2017.
             Slain by a jackal (1 damage)
             ... on level 1 of the Dungeon.
             The game lasted 00:01:16 (151 turns).

slep the Poker (Demonspawn Gladiator)                Turns: 151, Time: 00:01:16

Health: 0/22       AC:  4    Str: 14    XL:     2   Next: 37%
Magic:  2/2        EV: 13    Int:  9    God:
Gold:   11         SH:  0    Dex: 14    Spells: 1/1 levels left

rFire    . . .     SeeInvis .   a - +0 trident
rCold    . . .     Gourm    .   (no shield)
rNeg     . . .     Faith    .   b - +0 leather armour
rPois    .         Spirit   .   c - +0 helmet
rElec    .         Reflect  .   (no cloak)
rCorr    .         Harm     .   (no gloves)
MR       .....                  (no boots)
Stlth    +.........             (no amulet)
HPRegen  0.07/turn              (no ring)
MPRegen  0.08/turn              (no ring)

@: no status effects
A: powered by pain 1
a: no special abilities


You were on level 1 of the Dungeon.
You were not hungry.

You visited 1 branch of the dungeon, and saw 1 of its levels.

You collected 11 gold pieces.

Inventory:

Hand Weapons
 a - a +0 trident (weapon)
Missiles
 d - 3 throwing nets (quivered)
Armour
 b - a +0 leather armour (worn)
 c - a +0 helmet (worn)
Potions
 e - a potion of curing {unknown}
 g - a potion of lignification {unknown}
Comestibles
 f - 3 bread rations


   Skills:
 + Level 2.2 Fighting
 + Level 3.0 Polearms
 + Level 1.9 Throwing
 + Level 2.9 Dodging


You had one spell level left.
You didn't know any spells.

Dungeon Overview and Level Annotations

Branches:
Dungeon (1/15)

Altars:


Innate Abilities, Weirdness & Mutations

You sometimes gain a little power by taking damage.


Message History

The bat hits you but does no damage. The jackal closely misses you. x2
You barely miss the jackal. The bat hits you.
* * * LOW HITPOINT WARNING * * *
The jackal barely misses you.
The jackal bites you but does no damage.
You closely miss the jackal. The jackal closely misses you.
The bat barely misses you.
You hit the jackal but do no damage. The bat closely misses you.
The jackal closely misses you. The jackal barely misses you.
You closely miss the jackal. The bat misses you. The jackal bites you.
* * * LOW HITPOINT WARNING * * *
You closely miss the jackal. The bat misses you. The jackal closely misses you.
The jackal bites you but does no damage.
You closely miss the jackal. The bat barely misses you.
The jackal bites you but does no damage.
You closely miss the jackal. The bat misses you. The jackal bites you.
* * * LOW HITPOINT WARNING * * *
The jackal closely misses you.
You miss the jackal. The jackal bites you.
You die...

...## ........####
...........
..........#
..........#
..........#
.>........####
....(.....b@.####
......†.[.##h...#
................%..
..............##...
..........#........
..........#.####.#[
.........#........
.............###.#
#..........#.##..#


You could see a jackal and a bat.

Vanquished Creatures
  A dart slug (D:1)
  A hobgoblin (D:1)
  5 jackals (D:1)
  2 bats (D:1)
  A frilled lizard (D:1)
  4 rats (D:1)
14 creatures vanquished.

Notes
Turn   | Place    | Note
-------+----------+-------------------------------------------
     0 | D:1      | slep the Demonspawn Gladiator began the quest for the Orb.
     0 | D:1      | Reached XP level 1. HP: 16/16 MP: 1/1
   130 | D:1      | Gained mutation: You sometimes gain a little power by taking damage. [demonic ancestry]
   130 | D:1      | Reached XP level 2. HP: 14/22 MP: 2/2
   136 | D:1      | Reached skill level 3 in Polearms
   150 | D:1      | HP: 1/22 [jackal (2)]
   151 | D:1      | Slain by a jackal

Vault maps used:
D:1:      onia_arrival_mini_maze_b, hangedman_decor_clover_reticule

Skill      XL: |  1  2 |
---------------+-------+-----
Polearms       | 3 |  3.0
Fighting       | |  2.2
Throwing       | |  1.9
Dodging        | |  2.9

Action                   || total
-------------------------++-------
Melee: Trident           ||    42
Armor: Leather armour    ||    28
Dodge: Dodged            ||    55

Table legend:
 A = Spawn XP
 B = Non-spawn XP
 C = Spawn XP percentage of total XP
 D = Spawn monster count
 E = Non-spawn monster count
 F = Spawn count percentage of total count
 G = Total turns spent on level
                    A         B        C        D         E        F      G
               +---------+---------+-------+---------+---------+-------+---------
         Total |       0 |      23 |   0.0 |       0 |      14 |   0.0 |   151
               +---------+---------+-------+---------+---------+-------+---------
           D:1 |       0 |      23 |   0.0 |       0 |      14 |   0.0 |   151
               +---------+---------+-------+---------+---------+-------+---------
